 Dungeon Crawl Stone Soup version 0.28-b1-1-g3c77fb2ed1 (webtiles) character file.

Game seed: 431502049538239955

464 zeram the Covert (level 7, -1/45 HPs)
             Began as an Octopode Brigand on Jan 28, 2022.
             Was an Initiate of Yredelemnul.
             Slain by an orc wizard (2 damage)
             ... on level 3 of the Dungeon.
             The game lasted 00:05:52 (3740 turns).

zeram the Covert (Octopode Brigand)                 Turns: 3740, Time: 00:05:53

Health: -1/45      AC:  1    Str: 10    XL:     7   Next: 7%
Magic:  0/7        EV: 13    Int: 15    God:    Yredelemnul [......]
Gold:   120        SH:  0    Dex: 14    Spells: 6/6 levels left

rFire   . . .      SeeInvis .   a - +2 dagger
rCold   . . .      Faith    .   (no shield)
rNeg    . . .      Spirit   +   (helmet restricted)
rPois   .          Reflect  .   e - amulet of guardian spirit
rElec   .          Harm     .   (no ring)
rCorr   .          Rampage  .   (no ring)
Will    .....                   (no ring)
Stlth   ++++......              (no ring)
HPRegen 0.15/turn               (no ring)
MPRegen 0.10/turn               (no ring)
                                (no ring)
                                (no ring)

@: silenced
A: almost no armour, amphibious, 8 rings, camouflage 1, gelatinous body 1,
(nimble swimmer 1), tentacles
a: Renounce Religion


You were on level 3 of the Dungeon.
You worshipped Yredelemnul.
Yredelemnul was noncommittal.
You visited 1 branch of the dungeon, and saw 4 of its levels.

You collected 120 gold pieces.

Inventory:

Hand Weapons
 a - a +2 dagger (weapon)
Missiles
 b - 8 poisoned darts (quivered)
 c - 2 curare-tipped darts
Armour
 k - an orb of mayhem
Jewellery
 e - an amulet of guardian spirit (around mantle)
Scrolls
 j - a scroll of vulnerability
Potions
 d - a potion of cancellation


   Skills:
 - Level 2.2 Fighting
 + Level 4.4 Short Blades
 - Level 2.0 Throwing
 + Level 2.5 Dodging
 - Level 9.1 Stealth


You had 6 spell levels left.
You didn't know any spells.
Your spell library contained the following spells:

 Spells                   Type           Power      Damage    Failure   Level
 Animate Skeleton         Necr           0%         N/A       26%         1
 Apportation              Tloc           0%         N/A       26%         1
 Summon Small Mammal      Summ           0%         N/A       26%         1
 Scorch                   Fire           0%         2d5       38%         2
 Flame Wave               Conj/Fire      0%         2d4       95%         4
 Summon Cactus Giant      Summ           0%         N/A       100%        6


Dungeon Overview and Level Annotations

Branches:
Dungeon (4/15)
 Temple: D:4-7

Altars:
Yredelemnul

Shops:
D:4 (*!


Innate Abilities, Weirdness & Mutations

You cannot wear most types of armour.
You are amphibious.
You can wear up to eight rings at the same time.
Your skin changes colour to match your surroundings (Stealth+).
Your rubbery body absorbs attacks. (AC +1, EV +1)
((You are camouflaged when in or above water. (Stealth+)))
You have tentacles for arms and can constrict up to eight enemies at once.


Message History

Your scorpion zombie blinks!
There is an entrance to Jiarghuts's Assorted Antiques here.
You can access your shopping list by pressing '$'.
You hear a shout!
A magic dart appears from out of your range of vision.
The magic dart hits your necrophage zombie.
An orc wizard is nearby!
An orc wizard is nearby!
The orc wizard gestures at you while chanting.
Your necrophage zombie appears confused.
Your necrophage zombie barely misses the orc wizard.
The orc wizard gestures wildly while chanting.
The orc wizard flickers and vanishes!
Your necrophage zombie hits you.
* * * LOW HITPOINT WARNING * * *
There is a stone staircase leading down here.
Something hits you.
* * * LOW HITPOINT WARNING * * *
Your goblin zombie misses something.
The phantom hits your necrophage zombie.
There is an escape hatch in the ceiling here.
Something hits you.
* * * LOW HITPOINT WARNING * * *
A mysterious force pulls you upwards. The hatch slams shut behind you.
Your mindless puppet stays behind to rot.
Reactivating autopickup.
Deactivating autopickup; reactivate with Ctrl-A.
You hit something but do no damage. Something hits you.
* * * LOW HITPOINT WARNING * * *
You closely miss something. You barely miss something. You squeeze something.
You hear some strange, mumbled words.
A puff of flame appears from out of thin air!
The puff of flame hits you!
* * * LOW HITPOINT WARNING * * *
Okay, then.
You can't see any enemies this would affect, really read the scroll of silence?
As you read the scroll of silence, it crumbles to dust.
A profound silence engulfs you. Something hits you.
You die...
Your body rises from the dead as a mindless zombie.

...................#....)........
...................#......#####..
...................#......#.....#
...................'.............
...................#......#.....#
...................#......###....
...................#......# #...#
...................##########...#
................@...............#
.................{.#########....#
...................# #.....
...................# #.#...
...................# #.....
...................# ##....
...................# #....
...................# ##...
...................# #..#


There were no monsters in sight!

Vanquished Creatures
  Sigmund (D:3)
  A necrophage (D:4)
  A scorpion (D:4)
  Natasha (D:3)
  4 adders
  An adder skeleton (D:4)
  3 worms
  5 orcs
  7 endoplasms
  4 giant cockroaches
  A goblin (D:4)
  7 hobgoblins
  2 jackals (D:3)
  3 quokkas
  7 ball pythons
  3 bats
  4 frilled lizards
  5 kobolds
  9 rats
69 creatures vanquished.

Vanquished Creatures (collateral kills)
  An adder skeleton (D:4)
  A ball python (D:3)
  A kobold (D:3)
3 creatures vanquished.

Vanquished Creatures (others)
  A scorpion zombie (D:4)
  An adder zombie (D:4)
  A ball python zombie (D:3)
  A kobold zombie (D:3)
  An orc zombie (D:4)
5 creatures vanquished.

Grand Total: 77 creatures vanquished

Notes
Turn   | Place    | Note
-------+----------+-------------------------------------------
     0 | D:1      | zeram the Octopode Brigand began the quest for the Orb.
     0 | D:1      | Reached XP level 1. HP: 14/14 MP: 1/1
   481 | D:1      | Reached XP level 2. HP: 19/19 MP: 2/2
   796 | D:1      | Found a faded altar of an unknown god.
   836 | D:1      | Reached skill level 6 in Stealth
  1223 | D:2      | Reached XP level 3. HP: 19/24 MP: 3/3
  1509 | D:2      | Found a basalt altar of Yredelemnul.
  1543 | D:2      | Became a worshipper of Yredelemnul the Dark
  1711 | D:2      | Reached skill level 7 in Stealth
  1711 | D:2      | Reached XP level 4. HP: 12/29 MP: 4/4
  2002 | D:2      | Reached * piety under Yredelemnul
  2397 | D:3      | Noticed Sigmund
  2404 | D:3      | Killed Sigmund
  2405 | D:3      | Reached skill level 8 in Stealth
  2405 | D:3      | Reached XP level 5. HP: 34/34 MP: 5/5
  2405 | D:3      | Reached XP level 6. HP: 39/39 MP: 6/6
  2467 | D:3      | Reached skill level 9 in Stealth
  2583 | D:3      | Noticed Natasha
  2592 | D:3      | Killed Natasha
  3028 | D:4      | Found Jamevyud's Antique Weapon Shoppe.
  3313 | D:4      | Found Doyppil's Distillery.
  3692 | D:4      | Found Jiarghuts's Assorted Antiques.
  3693 | D:4      | Noticed a necrophage
  3703 | D:4      | Killed a necrophage
  3704 | D:4      | Reached XP level 7. HP: 24/45 MP: 1/7
  3739 | D:3      | HP: 1/45 [something/puff of flame (7)]
  3740 | D:3      | Slain by an orc wizard

Illustrated notes

Levels and vault maps discovered:
D:1:      arrival_zaba_pyramid, layout_loops_ring,
          chequers_ecumenical_altar_simple, serial_bayou_lake_a
D:2:      layout_basic, basic_altar, kennysheep_generic_room_13
D:3:      layout_basic, uniq_natasha, uniq_sigmund
D:4:      layout_basic, serial_shops, shop, shop, shop, nicolae_diamond_shop,
          nicolae_lakefront_shop

Skill      XL: |  1  2  3  4  5  6 |
---------------+-------------------+-----
Stealth        | 6 7 8 9 |  9.1
Short Blades   | 3 4 |  4.4
Dodging        | 2 |  2.5
Fighting       | |  2.2
Throwing       | |  2.0

Action                   |  1- 3 |  4- 6 |  7- 9 || total
-------------------------+-------+-------+-------++-------
Melee: Dagger            |    61 |    76 |     5 ||   142
       Constrict         |    10 |    14 |       ||    24
       Tentacles         |     4 |    16 |     2 ||    22
       Punch             |     2 |       |       ||     2
Throw: Dart              |     2 |       |       ||     2
  Use: Scroll            |     2 |     5 |     1 ||     8
       Potion            |       |     2 |       ||     2
 Stab: Sleeping          |    16 |    14 |       ||    30
       Distracted        |       |     2 |       ||     2
Armor: Skin              |     2 |     3 |     1 ||     6
Dodge: Dodged            |    27 |    35 |     1 ||    63
